SL
PORTLAND EVERGREENS @ BROOKLYN DODGERS
09/30/2030
 
TOP OF THE 1ST
Portland Evergreens batting - Pitching for Brooklyn Dodgers : RHP Eddie Kop
Pitching: RHP Eddie Kop
Batting: SHB Willie McGirt 0-0: Foul Ball, location: 2F
0-1: Foul Ball, location: 2F
0-2: Ball
1-2: Ball
2-2: Foul Ball, location: 2F
2-2: Ball
3-2: TRIPLE (Flyball, 8LXD)
Batting: LHB John Ennis 0-0: Foul Ball, location: 2F
0-1: Ball
1-1: Called Strike
1-2: Ball
2-2: Foul Ball, location: 2F
2-2: Ground out U3 (Groundball, 34)
Willie McGirt scores
Batting: SHB Billy Dotson 0-0: Ball
1-0: Swinging Strike
1-1: Called Strike
1-2: Ball
2-2: Ball
3-2: Fly out, F9 (Flyball, 9LD)
Batting: LHB Chris Payling 0-0: Ball
1-0: Ball
2-0: Ball
3-0: Called Strike
3-1: Base on Balls
Batting: LHB Dewitt Hopper 0-0: Called Strike
Chris Payling steals 2nd base
0-1: Swinging Strike
0-2: Foul Ball, location: 2F
0-2: Strikes out swinging
Top of the 1st over - 1 run, 1 hit, 0 errors, 1 left on base; Portland 1 - Brooklyn 0
BOTTOM OF THE 1ST
Brooklyn Dodgers batting - Pitching for Portland Evergreens : RHP Jorge Otero
Pitching: RHP Jorge Otero
Batting: RHB Vincent Crane 0-0: Ball
1-0: Ball
2-0: Called Strike
2-1: Foul Ball, location: 2F
2-2: DOUBLE (Line Drive, 9LS)
Batting: LHB Ki-tak Im 0-0: Ball
1-0: Ball
2-0: Ball
3-0: Called Strike
3-1: Ground out 4-3 (Groundball, 4)
Vincent Crane to third
Batting: LHB Manuel Carmona 0-0: Foul Ball, location: 2F
0-1: Ball
1-1: Ground out 4-3 (Groundball, 4)
Vincent Crane scores
Batting: LHB Avon Barksdale 0-0: Swinging Strike
0-1: Ball
1-1: Called Strike
1-2: Fly out, F7 (Flyball, 7D)
Bottom of the 1st over - 1 run, 1 hit, 0 errors, 0 left on base; Portland 1 - Brooklyn 1
TOP OF THE 2ND
Portland Evergreens batting - Pitching for Brooklyn Dodgers : RHP Eddie Kop
Batting: LHB Shahid Afridi 0-0: Ball
1-0: Swinging Strike
1-1: Ball
2-1: Foul Ball, location: 2F
2-2: Strikes out looking
Batting: RHB Nelson Jaramillo 0-0: Fly out, F7 (Flyball, 7LD)
Batting: LHB Adrián Gómez 0-0: Called Strike
0-1: Called Strike
0-2: Ball
1-2: Ground out 5-3 (Groundball, 5L)
Top of the 2nd over - 0 runs, 0 hits, 0 errors, 0 left on base; Portland 1 - Brooklyn 1
BOTTOM OF THE 2ND
Brooklyn Dodgers batting - Pitching for Portland Evergreens : RHP Jorge Otero
Batting: RHB Gustavo Mateo 0-0: Called Strike
0-1: Ball
1-1: Fly out, F9 (Line Drive, 9LM)
Batting: RHB Brent Ryan 0-0: Called Strike
0-1: Ball
1-1: Foul Ball, location: 2F
1-2: Foul Ball, location: 2F
1-2: Strikes out looking
Batting: LHB Jérôme Masson 0-0: Ground out 1-3 (Groundball, 15S)
Bottom of the 2nd over - 0 runs, 0 hits, 0 errors, 0 left on base; Portland 1 - Brooklyn 1
TOP OF THE 3RD
Portland Evergreens batting - Pitching for Brooklyn Dodgers : RHP Eddie Kop
Batting: LHB Ramón Garmendia 0-0: Ground out 4-3 (Groundball, 4)
Batting: SHB Willie McGirt 0-0: Foul Ball, location: 2F
0-1: Swinging Strike
0-2: Ball
1-2: Ball
2-2: Foul Ball, location: 2F
2-2: Ground out 6-3 (Groundball, 6)
Batting: LHB John Ennis 0-0: Foul Ball, location: 2F
0-1: Swinging Strike
0-2: Ground out 6-3 (Groundball, 56)
Top of the 3rd over - 0 runs, 0 hits, 0 errors, 0 left on base; Portland 1 - Brooklyn 1
BOTTOM OF THE 3RD
Brooklyn Dodgers batting - Pitching for Portland Evergreens : RHP Jorge Otero
Batting: LHB Frank Sharp 0-0: Swinging Strike
0-1: Foul Ball, location: 2F
0-2: Ball
1-2: Strikes out looking
Batting: RHB Adrian Rodgers 0-0: Called Strike
0-1: Ball
1-1: Called Strike
1-2: Ball
2-2: Foul Ball, location: 2F
2-2: Strikes out swinging
Batting: RHB Vincent Crane 0-0: Ball
1-0: Fly out, F9 (Flyball, 9)
Bottom of the 3rd over - 0 runs, 0 hits, 0 errors, 0 left on base; Portland 1 - Brooklyn 1
TOP OF THE 4TH
Portland Evergreens batting - Pitching for Brooklyn Dodgers : RHP Eddie Kop
Batting: SHB Billy Dotson 0-0: SINGLE (Flyball, 8RS)
Batting: LHB Chris Payling 0-0: Called Strike
0-1: Fielders Choice at 2nd, 6-4 (Groundball, 56)
Batting: LHB Dewitt Hopper 0-0: SINGLE (Flyball, 78M)
Chris Payling to second
Batting: LHB Shahid Afridi 0-0: Ball
1-0: Fielders Choice at 2nd, 3-6 (Groundball, 3)
Chris Payling to third
Batting: RHB Nelson Jaramillo 0-0: Fly out, F7 (Flyball, 7S)
Top of the 4th over - 0 runs, 2 hits, 0 errors, 2 left on base; Portland 1 - Brooklyn 1
BOTTOM OF THE 4TH
Brooklyn Dodgers batting - Pitching for Portland Evergreens : RHP Jorge Otero
Batting: LHB Ki-tak Im 0-0: Ball
1-0: Ball
2-0: Called Strike
2-1: Ground out 3-1 (Groundball, 34S)
Batting: LHB Manuel Carmona 0-0: Ball
1-0: Ground out U3 (Groundball, 34)
Batting: LHB Avon Barksdale 0-0: Ball
1-0: Foul Ball, location: 2F
1-1: Foul Ball, location: 2F
1-2: Foul Ball, location: 2F
1-2: Foul Ball, location: 2F
1-2: Foul Ball, location: 2F
1-2: Strikes out looking
Bottom of the 4th over - 0 runs, 0 hits, 0 errors, 0 left on base; Portland 1 - Brooklyn 1
TOP OF THE 5TH
Portland Evergreens batting - Pitching for Brooklyn Dodgers : RHP Eddie Kop
Batting: LHB Adrián Gómez 0-0: Foul Ball, location: 2F
0-1: Ball
1-1: Ball
2-1: Foul Ball, location: 2F
2-2: Ball
3-2: Strikes out swinging
Batting: LHB Ramón Garmendia 0-0: Ball
1-0: Called Strike
1-1: Swinging Strike
1-2: Ground out 5-3 (Groundball, 5)
Batting: SHB Willie McGirt 0-0: Called Strike
0-1: Ground out 4-3 (Groundball, 34D)
Top of the 5th over - 0 runs, 0 hits, 0 errors, 0 left on base; Portland 1 - Brooklyn 1
BOTTOM OF THE 5TH
Brooklyn Dodgers batting - Pitching for Portland Evergreens : RHP Jorge Otero
Batting: RHB Gustavo Mateo 0-0: Ground out 4-3 (Groundball, 4)
Batting: RHB Brent Ryan 0-0: Ball
1-0: Called Strike
1-1: Swinging Strike
1-2: Ball
2-2: Strikes out swinging
Batting: LHB Jérôme Masson 0-0: Called Strike
0-1: Fly out, F9 (Flyball, 9LD)
Bottom of the 5th over - 0 runs, 0 hits, 0 errors, 0 left on base; Portland 1 - Brooklyn 1
TOP OF THE 6TH
Portland Evergreens batting - Pitching for Brooklyn Dodgers : RHP Eddie Kop
Batting: LHB John Ennis 0-0: Ball
1-0: Ball
2-0: Ball
3-0: Called Strike
3-1: Base on Balls
Batting: SHB Billy Dotson 0-0: Called Strike
0-1: Called Strike
0-2: Ball
1-2: Foul Ball, location: 2F
1-2: Fly out, F9 (Flyball, 9LM)
Batting: LHB Chris Payling 0-0: Ball
1-0: Ball
2-0: Ground out 4-3 (Groundball, 34)
John Ennis to second
Batting: LHB Dewitt Hopper 0-0: Ball
1-0: Ball
2-0: Called Strike
2-1: Foul Ball, location: 2F
2-2: Ball
3-2: Base on Balls
Batting: LHB Shahid Afridi 0-0: Called Strike
0-1: Ball
1-1: Ball
2-1: Ground out 4-3 (Groundball, 4)
Top of the 6th over - 0 runs, 0 hits, 0 errors, 2 left on base; Portland 1 - Brooklyn 1
BOTTOM OF THE 6TH
Brooklyn Dodgers batting - Pitching for Portland Evergreens : RHP Jorge Otero
Batting: LHB Frank Sharp 0-0: Ball
1-0: Foul Ball, location: 2F
1-1: Ground out 6-3 (Groundball, 6)
Batting: RHB Adrian Rodgers 0-0: Ball
1-0: Foul Ball, location: 2F
1-1: Swinging Strike
1-2: Ball
2-2: Fly out, F9 (Flyball, 9LSF)
Batting: RHB Vincent Crane 0-0: Foul Ball, location: 2F
0-1: Ball
1-1: Ball
2-1: Ground out 6-3 (Groundball, 6)
Bottom of the 6th over - 0 runs, 0 hits, 0 errors, 0 left on base; Portland 1 - Brooklyn 1
TOP OF THE 7TH
Portland Evergreens batting - Pitching for Brooklyn Dodgers : RHP Eddie Kop
Batting: RHB Nelson Jaramillo 0-0: Ball
1-0: Called Strike
1-1: Ball
2-1: Foul Ball, location: 2F
2-2: Strikes out looking
Batting: LHB Adrián Gómez 0-0: Ball
1-0: SINGLE (Groundball, 6D)
Batting: LHB Ramón Garmendia 0-0: Ball
1-0: Ball
2-0: Foul Ball, location: 2F
2-1: Ball
3-1: Swinging Strike
3-2: Foul Ball, location: 2F
3-2: Strikes out swinging
Pitching: RHP Folkert van Huizen
Batting: SHB Willie McGirt 0-0: Ball
Pickoff Throw to First - Out!
Top of the 7th over - 0 runs, 1 hit, 0 errors, 0 left on base; Portland 1 - Brooklyn 1
BOTTOM OF THE 7TH
Brooklyn Dodgers batting - Pitching for Portland Evergreens : RHP Jorge Otero
Batting: LHB Ki-tak Im 0-0: Ball
1-0: Called Strike
1-1: SINGLE (Groundball, 25) (infield hit)
Batting: LHB Manuel Carmona 0-0: Called Strike
0-1: Ball
1-1: Ball
2-1: SINGLE (Groundball, 56) (infield hit)
Ki-tak Im to second
Batting: LHB Avon Barksdale 0-0: Foul Ball, location: 2F
0-1: Called Strike
0-2: Ball
1-2: Foul Ball, location: 2F
1-2: Strikes out looking
Batting: RHB Gustavo Mateo 0-0: Ball
1-0: Foul Ball, location: 2F
1-1: Foul Ball, location: 2F
1-2: Ball
2-2: Grounds into double play, 6-4-3 (Groundball, 6)
Bottom of the 7th over - 0 runs, 2 hits, 0 errors, 1 left on base; Portland 1 - Brooklyn 1
TOP OF THE 8TH
Portland Evergreens batting - Pitching for Brooklyn Dodgers : RHP Folkert van Huizen
Batting: SHB Willie McGirt 0-0: Ball
1-0: Ball
2-0: Ball
3-0: Base on Balls
Batting: LHB John Ennis 0-0: Called Strike
0-1: Ball
1-1: Foul Ball, location: 2F
1-2: Ball
2-2: Fly out, F4 (Line Drive, 4)
Batting: SHB Billy Dotson 0-0: Swinging Strike
0-1: Ball
Willie McGirt steals 2nd base
1-1: Swinging Strike
1-2: Ball
2-2: Foul Ball, location: 2F
2-2: Strikes out swinging
Batting: LHB Chris Payling 0-0: Called Strike
0-1: Ball
1-1: Ball
2-1: SINGLE (Groundball, 56D)
Willie McGirt to third
Runner from 3rd tries for Home, SAFE, no throw
Batting: LHB Dewitt Hopper 0-0: Ball
1-0: Ball
2-0: Called Strike
2-1: Fly out, F5 (Popup, 5SF)
Top of the 8th over - 1 run, 1 hit, 0 errors, 1 left on base; Portland 2 - Brooklyn 1
BOTTOM OF THE 8TH
Brooklyn Dodgers batting - Pitching for Portland Evergreens : RHP Jorge Otero
Now at C: Carlos Cardona
Batting: RHB Brent Ryan 0-0: Called Strike
0-1: Foul Ball, location: 2F
0-2: Strikes out swinging
Batting: LHB Jérôme Masson 0-0: Foul Ball, location: 2F
0-1: Ball
1-1: Called Strike
1-2: Ground out 1-3 (Groundball, 15S)
Batting: LHB Frank Sharp 0-0: Called Strike
0-1: Swinging Strike
0-2: Ball
1-2: Strikes out swinging
Bottom of the 8th over - 0 runs, 0 hits, 0 errors, 0 left on base; Portland 2 - Brooklyn 1
TOP OF THE 9TH
Portland Evergreens batting - Pitching for Brooklyn Dodgers : RHP Folkert van Huizen
Pitching: LHP Sjaak Bonne
Batting: LHB Shahid Afridi 0-0: Fly out, F7 (Flyball, 7LS)
Batting: RHB Nelson Jaramillo 0-0: Called Strike
0-1: Foul Ball, location: 2F
0-2: Ball
1-2: Ground out 4-3 (Groundball, 4)
Batting: RHB Carlos Cardona 0-0: Ball
1-0: Foul Ball, location: 2F
1-1: Swinging Strike
1-2: Ball
2-2: Fly out, F7 (Flyball, 78S)
Top of the 9th over - 0 runs, 0 hits, 0 errors, 0 left on base; Portland 2 - Brooklyn 1
BOTTOM OF THE 9TH
Brooklyn Dodgers batting - Pitching for Portland Evergreens : RHP Jorge Otero
Batting: RHB Adrian Rodgers 0-0: Swinging Strike
0-1: Foul Ball, location: 2F
0-2: Ball
1-2: Ball
2-2: Foul Ball, location: 2F
2-2: Ball
3-2: Base on Balls
Pitching: LHP Shinzo Kumagai
Batting: RHB Vincent Crane 0-0: Bunted foul
0-1: Sac Bunt - play at first, batter OUT! 5-4
Adrian Rodgers to second
Pinch Hitting: RHB Oliver Aranda 0-0: Ball
1-0: Foul Ball, location: 2F
1-1: Ball
2-1: Ball
3-1: Fly out, F7 (Flyball, 7S)
Batting: LHB Manuel Carmona 0-0: Called Strike
0-1: Ball
1-1: Ball
2-1: Ball
3-1: Base on Balls
Batting: LHB Avon Barksdale 0-0: Ball
1-0: Ball
2-0: Called Strike
2-1: Swinging Strike
2-2: Ball
3-2: Strikes out swinging
Bottom of the 9th over - 0 runs, 0 hits, 0 errors, 2 left on base; Portland 2 - Brooklyn 1
Sunday, March 18th, 2018 - OOTP Baseball 18.8 Build 76